 Dungeon Crawl Stone Soup version 0.22.1-2-g9c5b331 (webtiles) character file.

427 Gildeon the Basher (level 7, 0/52 HPs)
             Began as a Human Skald on Dec 25, 2018.
             Slain by a sky beast (5 damage)
             ... on level 5 of the Dungeon.
             The game lasted 00:19:32 (4165 turns).

Gildeon the Basher (Human Skald)                    Turns: 4165, Time: 00:19:33

Health: 0/52       AC:  7    Str: 16    XL:     7   Next: 18%
Magic:  8/10       EV: 12    Int: 13    God:
Gold:   308        SH:  0    Dex: 13    Spells: 2/10 levels left

rFire    . . .     SeeInvis .   a - +0 mace
rCold    . . .     Gourm    .   (no shield)
rNeg     . . .     Faith    .   b - +0 leather armour
rPois    .         Spirit   .   (no helmet)
rElec    .         Reflect  .   e - +0 cloak
rCorr    .         Harm     .   (no gloves)
MR       .....                  h - +2 pair of boots
Stlth    +.........             (no amulet)
HPRegen  0.17/turn              c - +3 ring of strength
MPRegen  0.12/turn              (no ring)

@: infused
A: no striking features
a: no special abilities


You were on level 5 of the Dungeon.
You were not hungry.

You visited 1 branch of the dungeon, and saw 5 of its levels.

You collected 308 gold pieces.

Inventory:

Hand Weapons
 a - a +0 mace (weapon)
Armour
 b - a +0 leather armour (worn)
 e - a +0 cloak (worn)
 h - a +2 pair of boots (worn)
Jewellery
 c - a +3 ring of strength (left hand)
Wands
 l - a wand of random effects (36)
Scrolls
 f - 3 scrolls of remove curse
 g - 2 scrolls of amnesia
 n - a scroll of identify
Potions
 j - a potion of magic
 m - a potion of heal wounds
Comestibles
 d - 6 rations


   Skills:
 + Level 3.3 Fighting
 * Level 12.4 Maces & Flails
 - Level 1.0 Armour
 - Level 2.0 Dodging
 - Level 2.0 Spellcasting
 + Level 4.0 Charms


You had 2 spell levels left.
You knew the following spells:

 Your Spells              Type           Power        Failure   Level  Hunger
a - Infusion              Chrm           ##..         6%          1    ##.....
b - Song of Slaying       Chrm           ##......     9%          2    ###....
c - Shroud of Golubria    Chrm/Tloc      #.........   21%         2    ###....
d - Regeneration          Chrm/Necr      #.........   38%         3    ####...

Your spell library contained the following spells:

 Spells                   Type           Power        Failure   Level  Hunger
 Spectral Weapon          Hex/Chrm       #.......     38%         3    ####...


Dungeon Overview and Level Annotations

Branches:
Dungeon (5/15)
 Temple: D:4-7

Altars:
Elyvilon
Gozag
Kikubaaqudgha
Trog
Yredelemnul

Annotations:
D:2 2 transporters


Message History

The worker ant bites you!
You closely miss the worker ant.
You feel sick. The sky beast hits you. The sky beast shocks you.
The worker ant bites you but does no damage.
You sock the worker ant!
The worker ant is severely wounded.
The sky beast hits you.
* * * LOW HITPOINT WARNING * * *
The sky beast shocks you.
* * * LOW HITPOINT WARNING * * *
The worker ant bites you.
* * * LOW HITPOINT WARNING * * *
You are more poisoned.
The worker ant poisons you!
You feel better.
The worker ant bites you but does no damage.
The sky beast hits you.
* * * LOW HITPOINT WARNING * * *
The sky beast shocks you.
You die...

#.#.#####.###...#.#
#.....#.[...)...#.########
###.#.#.#.####...........#
#.#.#.#.# #..#.######'###
#.#.#.#.# #..#.##.§§§§§§#
#.#.....# #..#....§§§§§§#
#.....#.# #..#.#...§§§§§#
*#########**#..#<#....§§§.#
*,,,,,,,,..,#@a#.#.########*
*,****#####.#Y...#...,,,,,,***
*,,,,*..>............,,,,,,+,,
*,,,,+.#..#..?.###...,,,,,,***
*,,,,**#.........,,..,,,,,,+,,
*,**,**#..########,,.,,,,,,***
*,**,,....,,,,,,,,,,,,,,,,,***
*,**,,..#,,,,,,,,,,,*******,,,
*,**,,..*,,,,,,,,,,,* *,**


You could see a sky beast and a worker ant.

Vanquished Creatures
  A scorpion (D:4)
  A bullfrog skeleton (D:4)
  2 worker ants
  8 adders
  2 worms
  2 dart slugs
  2 leopard geckos (D:2)
  9 orcs
  4 giant cockroaches
  10 goblins
  7 hobgoblins
  4 jackals (D:3)
  2 quokkas (D:2)
  3 ball pythons
  9 bats
  4 frilled lizards
  8 kobolds
  14 rats
92 creatures vanquished.

Notes
Turn   | Place    | Note
-------+----------+-------------------------------------------
     0 | D:1      | Gildeon the Human Skald began the quest for the Orb.
     0 | D:1      | Reached XP level 1. HP: 16/16 MP: 3/3
   124 | D:1      | Reached XP level 2. HP: 18/22 MP: 0/5
   264 | D:1      | Learned a level 2 spell: Song of Slaying
   267 | D:1      | Learned a level 2 spell: Shroud of Golubria
   455 | D:1      | Reached XP level 3. HP: 24/28 MP: 6/6
   965 | D:2      | Found a transporter.
   965 | D:2      | Found a basalt altar of Yredelemnul.
   973 | D:1      | Reached skill level 3 in Maces & Flails
  1000 | D:2      | Found a white marble altar of Elyvilon.
  1084 | D:2      | Found a transporter.
  1084 | D:2      | Found an opulent altar of Gozag.
  1132 | D:2      | Reached XP level 4. HP: 34/34 MP: 7/7
  1526 | D:2      | Found an ancient bone altar of Kikubaaqudgha.
  2039 | D:3      | Reached XP level 5. HP: 38/40 MP: 2/8
  2059 | D:3      | Learned a level 3 spell: Regeneration
  2522 | D:2      | Found a bloodstained altar of Trog.
  2797 | D:4      | Reached skill level 12 in Maces & Flails
  2797 | D:4      | Reached XP level 6. HP: 47/47 MP: 9/9
  3279 | D:4      | Noticed an ogre
  3377 | D:3      | Reached XP level 7. HP: 27/52 MP: 5/10
  4052 | D:5      | Entered Level 5 of the Dungeon
  4165 | D:5      | Slain by a sky beast

Skill      XL: |  1  2  3  4  5  6  7 |
---------------+----------------------+-----
Maces & Flails | 3 12 | 12.4
Fighting       | 3 |  3.3
Charms         | 4 |  4.0
Armour         | |  1.0
Dodging        | |  2.0
Spellcasting   | |  2.0

Action                   |  1- 3 |  4- 6 |  7- 9 || total
-------------------------+-------+-------+-------++-------
Melee: Mace              |   137 |   163 |    21 ||   321
 Cast: Infusion          |     9 |    12 |     3 ||    24
       Song of Slaying   |       |     1 |       ||     1
  Use: Scroll            |     4 |     6 |     3 ||    13
       Potion            |       |     1 |     1 ||     2
  Eat: Chunk             |     1 |     8 |     1 ||    10
       Ration            |       |       |     1 ||     1
Armor: Leather armour    |    61 |    70 |     9 ||   140
Dodge: Dodged            |   113 |   118 |     4 ||   235
